Map: Thunderbird LE

Players

TKL - Winner!

  • Race: Protoss Protoss
  • League: Master
  • Spawn Location: 11:00

Mez

  • Race: Terran Terran
  • League: Master
  • Spawn Location: 5:00

VOD

Have the link to the VOD?

Description

Time

  • Played on: Aug. 16, 2019, 6:30 a.m.
  • Length: 12:18
Show
View Real Time Build Order
Export as new Build Order

TKL Protoss - Winner!

Build Orders: 1 Gate Expand, Oracle Opening 

Get SALT Encoding   

  12  0:01  Probe  
  13  0:13  Probe  
  14  0:20  Pylon  
  14  0:25  Probe  
  15  0:38  Probe  
  16  0:44  Gateway  
  16  0:48  Assimilator  
  16  0:50  Probe  
  17  0:58  Probe  
  17  0:59  Assimilator  
  18  1:06  Probe  
  19  1:16  Probe  
  20  1:31  Nexus  
  20  1:42  Cybernetics Core  
  20  1:44  Probe  
  21  1:50  Pylon  
  21  2:00  Probe  
  22  2:08  Probe, Adept  
  22  2:16  Probe  
  25  2:24  Stargate  
  25  2:27  Probe  
  25  2:28  Warp Gate  
  26  2:34  Adept  
  26  2:39  Probe  
  29  2:52  Probe x2  
  29  2:58  Oracle  
  31  3:04  Probe x2  
  33  3:09  Adept  
  38  3:16  Probe x2  
  38  3:19  Pylon  
  40  3:35  Oracle  
  40  3:38  Probe x2  
  45  3:48  Nexus  
  45  3:50  Probe  
  45  3:51  Pylon  
  45  3:52  Probe  
  47  4:02  Probe  
  48  4:04  Probe  
  45  4:14  Probe  
  45  4:17  Probe, Oracle  
  48  4:22  Gateway  
  48  4:26  Probe  
  48  4:29  Probe  
  50  4:32  Gateway  
  50  4:33  Twilight Council  
  50  4:36  Forge  
  51  4:38  Probe  
  51  4:42  Blink  
  51  4:56  Probe  
  51  4:57  Protoss Ground Weapons Level 1  
  53  5:00  Probe  
  53  5:07  Probe  
  53  5:09  Probe x2  
  53  5:11  Pylon  
  56  5:14  Assimilator  
  56  5:15  Probe  
  56  5:16  Assimilator  
  56  5:17  Probe x2  
  57  5:23  Probe  
  57  5:24  Pylon  
  57  5:26  Probe x2  
  57  5:27  Stalker x2  
  66  5:42  Probe  
  67  5:43  Probe  
  67  5:49  Gateway  
  68  5:51  Probe  
  68  5:54  Probe  
  68  5:55  Probe  
  71  5:57  Gateway  
  71  5:58  Pylon, Gateway  
  71  5:59  Stalker x2  
  71  6:00  Stalker, Gateway  
  71  6:03  Probe  
  78  6:06  Pylon  
  78  6:08  Assimilator  
  78  6:13  Assimilator  
  76  6:18  Probe x2  
  76  6:19  Probe  
  76  6:24  Stalker  
  76  6:25  Stalker x2  
  84  6:29  Templar Archives  
  84  6:30  Probe x2, Pylon  
  84  6:32  Probe  
  87  6:42  Probe  
  87  6:43  Robotics Facility  
  87  6:44  Probe  
  89  6:51  Charge  
  89  6:53  Stalker x5  
  96  6:56  Stalker  
  96  6:59  Probe  
  99  7:07  Nexus  
  99  7:10  Pylon  
  99  7:13  Probe  
  90  7:41  Probe x3  
  93  7:44  Psionic Storm, Protoss Ground Weapons Level 2  
  93  7:52  Warp Prism  
  93  7:53  Probe x3  
  92  8:05  Probe x2  
  96  8:07  High Templar x3  
  96  8:08  Zealot x4  
  110  8:14  Gateway  
  110  8:17  Gateway  
  110  8:18  Gateway  
  110  8:19  Gateway  
  110  8:20  Pylon  
  110  8:21  Assimilator  
  110  8:25  Assimilator  
  110  8:28  Observer  
  111  8:35  Pylon  
  111  8:39  Immortal, Pylon  
  112  9:05  High Templar x7  
  126  9:10  Archon x2  
  126  9:15  Probe  
  127  9:20  Zealot x4  
  127  9:23  Immortal  
  135  9:29  Pylon  
  135  9:31  Gateway  
  135  9:33  Gateway  
  135  9:36  Gateway  
  135  9:39  Robotics Bay  
  135  9:40  Zealot x5  
  135  9:41  Zealot x6  
  135  9:44  Robotics Facility  
  147  9:45  Pylon  
  121  10:07  Zealot x4  
  121  10:08  Zealot x4  
  121  10:09  Zealot x3  
  139  10:18  Archon  
  139  10:19  Archon  
  131  10:21  Archon  
  131  10:25  Probe  
  131  10:28  Zealot x5  
  120  10:29  Zealot x6  
  120  10:30  Zealot  
  120  10:31  Colossus  
  120  10:35  Extended Thermal Lance  
  132  10:36  Probe  
  133  10:43  Colossus  
  131  10:50  High Templar  
  131  10:51  High Templar x7  
  131  10:52  Zealot x3  
  131  10:53  Zealot x3  
  131  10:55  Archon x2  
  131  10:56  Archon  
  145  11:16  Stalker x3  
  145  11:17  Stalker, Zealot x2  
  151  11:35  Stalker x3  
  151  11:36  Stalker x5  
  149  12:01  Stalker x6  
  141  12:02  Stalker x8  
Show
View Real Time Build Order
Export as new Build Order

Mez Terran 

Build Orders: Reaper Expand 

Get SALT Encoding   

  12  0:00  SCV  
  13  0:12  SCV  
  14  0:17  Supply Depot  
  14  0:25  SCV  
  15  0:39  SCV  
  15  0:40  Barracks  
  16  0:44  Refinery  
  16  0:51  SCV  
  17  1:03  SCV  
  18  1:15  SCV  
  19  1:32  Reaper, Orbital Command  
  20  1:43  Command Center  
  20  1:58  Bunker  
  20  1:59  Supply Depot  
  20  2:05  Barracks Reactor  
  20  2:19  SCV  
  21  2:31  Command Center  
  21  2:36  SCV  
  22  2:42  Marine x2  
  23  2:51  SCV  
  23  2:52  Factory  
  24  3:01  Orbital Command  
  24  3:04  Marine  
  24  3:05  Marine  
  26  3:08  SCV  
  27  3:12  Refinery  
  27  3:20  SCV  
  27  3:22  Marine x2  
  30  3:28  SCV  
  30  3:32  SCV  
  32  3:38  Widow Mine  
  32  3:40  SCV, Starport  
  35  3:45  SCV  
  35  3:46  Orbital Command  
  36  3:53  SCV  
  37  3:56  Refinery  
  37  3:57  SCV  
  38  4:05  SCV  
  39  4:10  Widow Mine  
  35  4:17  SCV x3  
  35  4:20  Marine x2  
  38  4:33  Factory Tech Lab  
  38  4:34  Starport Tech Lab  
  38  4:36  SCV x2  
  38  4:55  Raven  
  40  5:01  SCV x3  
  43  5:08  Barracks  
  43  5:09  Cyclone, Barracks  
  43  5:10  Marine x2  
  43  5:13  SCV x2  
  50  5:19  SCV  
  51  5:25  SCV x2  
  53  5:31  SCV  
  53  5:37  SCV x2, Marine  
  53  5:38  Marine  
  57  5:44  Engineering Bay  
  57  5:46  Engineering Bay  
  57  5:49  Starport Reactor, SCV  
  61  5:58  Barracks  
  61  6:02  Stimpack, Barracks  
  61  6:03  SCV x3  
  61  6:10  Supply Depot, Factory Reactor  
  61  6:11  Supply Depot  
  61  6:12  Supply Depot  
  61  6:15  SCV x2  
  64  6:18  Marine x2  
  64  6:19  Combat Shield, Marauder  
  64  6:21  Marauder  
  69  6:26  Terran Infantry Armor Level 1, Terran Infantry Weapons Level 1  
  69  6:27  Refinery  
  69  6:31  Orbital Command  
  69  6:32  SCV x2  
  71  6:42  Supply Depot x2  
  71  6:44  SCV  
  71  6:46  Supply Depot  
  72  6:49  Supply Depot  
  72  6:56  Medivac x2  
  72  6:57  Barracks Reactor  
  72  6:58  SCV x2, Barracks Tech Lab  
  72  6:59  SCV  
  79  7:02  Marine x2, Marauder  
  79  7:03  Marauder  
  79  7:05  Widow Mine  
  87  7:10  SCV  
  87  7:11  SCV x2, Supply Depot  
  87  7:13  Supply Depot  
  91  7:22  SCV  
  91  7:23  SCV  
  89  7:33  Marine  
  89  7:34  Marine x3, Marauder x3  
  96  7:38  Concussive Shells  
  95  7:44  Widow Mine x2, Medivac  
  95  7:45  Medivac  
  95  7:47  SCV x2  
  102  7:51  SCV, Marine  
  100  7:59  SCV  
  100  8:00  SCV  
  100  8:03  SCV  
  102  8:06  Command Center  
  102  8:07  Refinery  
  102  8:08  Marine x3, Marauder x3  
  102  8:09  Refinery  
  102  8:11  SCV  
  112  8:14  Medivac, Supply Depot  
  112  8:15  Medivac  
  112  8:17  Bunker  
  112  8:18  Supply Depot  
  116  8:21  Supply Depot  
  116  8:25  Widow Mine  
  116  8:26  Widow Mine  
  120  8:29  SCV x2  
  119  8:44  Marine x2, Medivac x2  
  119  8:45  Marine x2, Marauder x3  
  133  8:50  Barracks  
  133  8:51  Armory  
  133  8:52  Barracks  
  133  8:56  Supply Depot  
  133  8:58  Supply Depot  
  133  9:02  Widow Mine x2  
  137  9:05  SCV x3  
  137  9:09  Barracks  
  140  9:12  Marine, Marauder x2  
  140  9:13  Marine  
  140  9:14  Marine  
  147  9:30  Marine, Marauder  
  150  9:33  Medivac x2  
  150  9:34  Marauder  
  150  9:37  Ghost Academy  
  155  9:46  Liberator x2  
  146  9:56  Marauder, Barracks Tech Lab x2  
  146  9:57  Marine x3, Marauder x2, Barracks Tech Lab  
  146  9:58  Marine  
  152  10:09  Widow Mine  
  152  10:10  Widow Mine  
  150  10:18  Marauder  
  150  10:21  Marine, Marauder x2  
  125  10:25  Marine x4, Marauder x2  
  103  10:36  Widow Mine  
  103  10:39  Marine, Marauder  
  103  10:42  Marine  
  102  10:43  Marine, Marauder  
  94  10:56  Marine x5  
  93  11:06  Marine  
  93  11:07  Marine x2  
  82  11:44  Marine  
  82  11:45  Marauder  
Tags
 
Add a new tag
Caveats
  • Supply blocks, unpowered buildings, or Contaminate may cause inaccurate times.
  • Supply counts are checked every 10 seconds.